 Dungeon Crawl Stone Soup version 0.27-a0-1312-g5cdb2b3542 (webtiles) character file.

Game seed: 1600928269188620923

41 HAL9000 the Sneak (level 3, -1/18 HPs)
             Began as a Vine Stalker Brigand on June 19, 2021.
             Slain by Sigmund (8 damage)
             ... on level 2 of the Dungeon.
             The game lasted 00:02:12 (1601 turns).

HAL9000 the Sneak (Vine Stalker Brigand)            Turns: 1601, Time: 00:02:12

Health: -1/18      AC:  3    Str: 14    XL:     3   Next: 52%
Magic:  0/4        EV: 11    Int: 11    God:
Gold:   50         SH:  0    Dex: 15    Spells: 2/2 levels left

rFire    . . .     SeeInvis .   a - +2 dagger
rCold    . . .     Faith    .   (no shield)
rNeg     . . .     Spirit   +   b - +0 robe
rPois    .         Reflect  .   (no helmet)
rElec    .         Harm     .   c - +0 cloak
rCorr    .         Rampage  .   (no gloves)
Will     .....                  (no boots)
Stlth    +++.......             (no amulet)
HPRegen  0.06/turn              (no ring)
MPRegen  0.09/turn              (no ring)

@: no status effects
A: fangs 2, magic shield, antimagic bite, no potion heal 2
a: no special abilities


You were on level 2 of the Dungeon.
You visited 1 branch of the dungeon, and saw 2 of its levels.

You collected 50 gold pieces.

Inventory:

Hand Weapons
 a - a +2 dagger (weapon)
Missiles
 d - 6 poisoned darts (quivered)
 i - 6 boomerangs
 k - 4 silver javelins
Armour
 b - a +0 robe (worn)
 c - a +0 cloak (worn)
Scrolls
 g - a scroll of silence {unknown}
 j - a scroll of vulnerability {unknown}
Potions
 f - a potion of might {unknown}
 h - a potion of haste {unknown}
 l - a potion of attraction {unknown}
 m - 2 potions of flight {unknown}


   Skills:
 - Level 1.7 Fighting
 - Level 1.7 Short Blades
 - Level 1.7 Throwing
 - Level 0.7 Dodging
 + Level 6.5 Stealth


You had 2 spell levels left.
You didn't know any spells.
Your spell library was empty.

Dungeon Overview and Level Annotations

Branches:
Dungeon (2/15)

Altars:

Annotations:
D:2 Sigmund


Innate Abilities, Weirdness & Mutations

You have extremely sharp teeth.
When hurt, damage is shared between your health and your magic reserves.
Your bite disrupts and absorbs the magic of your enemies.
Potions cannot restore your health.


Message History

There is a stone staircase leading down here.
You start resting.
Magic restored.
HP restored.
Done exploring.
Done exploring.
You start waiting.
Done waiting.
You climb downwards.
Level annotation: Sigmund
There is a stone staircase leading up here.
Unknown command.
Throw: 2 darts (curare)
Press: ? - help, Q - select action, (/) - cycle Shift-Dir - straight line, f - Sigmund
Aim: Sigmund, wielding a +2 scythe of holy wrath and wearing a +2 robe of positive energy (53% to hit)
You throw a curare-tipped dart.
The curare-tipped dart closely misses Sigmund.
Sigmund hits you from afar with a +2 scythe of holy wrath!
Ouch! That really hurt!
Throw: dart (curare)
Press: ? - help, Q - select action, (/) - cycle Shift-Dir - straight line, f/p - Sigmund
Aim: Sigmund, wielding a +2 scythe of holy wrath and wearing a +2 robe of positive energy (53% to hit)
You throw a curare-tipped dart. The curare-tipped dart hits Sigmund.
Sigmund is poisoned.
Sigmund convulses.
Sigmund seems to slow down.
Sigmund is moderately wounded.
Sigmund misses you.
Throw: 8 darts (poison)
Press: ? - help, Q - select action, (/) - cycle Shift-Dir - straight line, f/p - Sigmund
Aim: Sigmund, wielding a +2 scythe of holy wrath and wearing a +2 robe of positive energy (moderately wounded, very poisoned, slow, 53% to hit)
You throw a poisoned dart.
The poisoned dart closely misses Sigmund.
Throw: 7 darts (poison)
Press: ? - help, Q - select action, (/) - cycle Shift-Dir - straight line, f/p - Sigmund
Aim: Sigmund, wielding a +2 scythe of holy wrath and wearing a +2 robe of positive energy (moderately wounded, very poisoned, slow, 53% to hit)
You throw a poisoned dart. The poisoned dart hits Sigmund.
Sigmund looks even sicker.
Sigmund is moderately wounded.
Sigmund hits you from afar with a +2 scythe of holy wrath!
You die...

.#.♣≈.....w#.#
.##)#...#..#.#
.##.#......#.#
.##.#.#..))#.#######
.##.#.##..{#....(..#
..#.#.##.........#.#
..#.#.##..######@#.#
..#.#.##... ###.#.#
#.#.#.##..## #..@#.#
#.#.#....># #.#.#.#
###.####### #...#..
....# ####### #####


You could see Sigmund (very poisoned, slow).

Vanquished Creatures
  An adder (D:2)
  5 endoplasms (D:1)
  5 goblins
  A hobgoblin (D:1)
  4 jackals (D:2)
  3 kobolds
  A quokka (D:1)
  3 ball pythons (D:1)
  2 bats (D:2)
  A frilled lizard (D:1)
  2 rats (D:1)
28 creatures vanquished.

Vanquished Creatures (others)
  3 plants (D:2)
3 creatures vanquished.

Grand Total: 31 creatures vanquished

Notes
Turn   | Place    | Note
-------+----------+-------------------------------------------
     0 | D:1      | HAL9000 the Vine Stalker Brigand began the quest for the
                  | Orb.
     0 | D:1      | Reached XP level 1. HP: 11/11 MP: 2/2
    21 | D:1      | Reached skill level 5 in Stealth
   251 | D:1      | Reached XP level 2. HP: 15/15 MP: 3/3
   849 | D:1      | Reached skill level 6 in Stealth
  1067 | D:2      | Reached XP level 3. HP: 18/18 MP: 4/4
  1371 | D:2      | Noticed Sigmund
  1601 | D:2      | Slain by Sigmund

Illustrated notes

Levels and vault maps discovered:
D:1:      amcnicky_arrival_double_pillar, layout_basic
D:2:      layout_basic, basic_altar, serial_shops, nicolae_shop_waterfront,
          serial_bayou_pond_e, minmay_misc_feat_room, corexii_leaking_fountain,
          serial_bayou_pond_a, minmay_pentomino_w2, uniq_sigmund, uniq_natasha

Skill      XL: |  1  2 |
---------------+-------+-----
Stealth        | 5 6 |  6.5
Fighting       | |  1.7
Short Blades   | |  1.7
Throwing       | |  1.7
Dodging        | |  0.7

Action                   || total
-------------------------++-------
Melee: Dagger            ||    70
       Bite              ||    14
Throw: Dart              ||     9
 Stab: Sleeping          ||     7
       Distracted        ||     1
Armor: Robe              ||    27
Dodge: Dodged            ||    44

Table legend: (Time is in decaauts)
 A = Elapsed time spent in this place.
 B = Non-inter-level travel time spent in this place.
 C = Inter-level travel time spent in this place.
 D = Time resting spent in this place.
 E = Time spent auto-exploring this place.
 F = Levels seen in this place.
 G = Mean time per level.
                   A        B        C        D        E       F      G
               +--------+--------+--------+--------+--------+-----+--------+
         Total |   1597 |   1553 |     44 |    502 |    823 |   2 |  798.5 |
       Dungeon |   1597 |   1553 |     44 |    502 |    823 |   2 |  798.5 |
               +--------+--------+--------+--------+--------+-----+--------+

Top non-repeatable levels by time:
     D:1: 1240 daAuts
     D:2: 357 daAuts
